 Dungeon Crawl Stone Soup version 0.30-a0-778-g2ef04afb54 (webtiles) character file.

Game seed: 14852042865541219122

418 Smoke131 the Chucker (level 6, -1/61 HPs)
             Began as an Ogre Gladiator on Feb 15, 2023.
             Slain by an orc
             ... wielding a +0 mace
              (6 damage)
             ... on level 4 of the Dungeon.
             The game lasted 00:07:53 (2799 turns).

Smoke131 the Chucker (Ogre Gladiator)               Turns: 2799, Time: 00:07:53

Health: -1/61      AC:  4    Str: 19    XL:     6   Next: 93%
Magic:  6/6        EV: 10    Int:  9    God:
Gold:   137        SH:  0    Dex: 12    Spells: 5/5 levels left

rFire   . . .      SeeInvis .    k - +1 dagger (venom)
rCold   . . .      Faith    .    (no shield)
rNeg    . . .      Spirit   .    b - +0 robe
rPois   .          Reflect  .    c - +1 hat
rElec   .          Harm     .    (no cloak)
rCorr   .          Rampage  .    (gloves unavailable)
Will    .....                    (boots unavailable)
Stlth   +                        (no amulet)
HPRegen 0.30/turn                (no ring)
MPRegen 0.10/turn                (no ring)

@: no status effects
A: large, unfitting armour, tough skin 1
a: no special abilities


You were on level 4 of the Dungeon.
You visited 1 branch of the dungeon, and saw 4 of its levels.

You collected 137 gold pieces.

Inventory:

Hand Weapons
 k - a +1 dagger of venom (weapon)
Missiles
 d - 3 throwing nets
 e - 7 large rocks
 g - 24 stones
 l - 2 javelins
 m - 6 poisoned darts (quivered)
Armour
 b - a +0 robe (worn)
 c - a +1 hat (worn)
Wands
 j - a wand of charming (9)
Scrolls
 f - a scroll of fear
 n - a scroll of enchant weapon
Potions
 a - a potion of heal wounds
 h - 2 potions of curing {unknown}
 i - a potion of mutation {unknown}
 p - a potion of resistance {unknown}


   Skills:
 - Level 3.0 Fighting
 - Level 3.0 Axes
 + Level 7.0 Throwing
 - Level 3.0 Dodging


You had 5 spell levels left.
You didn't know any spells.
Your spell library contained the following spells:

 Spells                   Type           Power      Damage    Failure   Level
 Apportation              Tloc           0%         N/A       38%         1
 Necrotise                Necr           0%         1d4       38%         1
 Summon Small Mammal      Summ           0%         N/A       38%         1
 Animate Dead             Necr           0%         N/A       99%         4
 Haunt                    Necr/Summ      0%         N/A       100%        7
 Infestation              Necr           0%         N/A       100%        8


Dungeon Overview and Level Annotations

Branches:
Dungeon (4/15)
 Temple: D:4-7

Altars:


Innate Abilities, Weirdness & Mutations

You are too large for most types of armour.
You have tough skin. (AC +1)


Message History

The quokka bites you.
You miss the quokka.
The quokka bites you but does no damage.
You hit the quokka.
The quokka is poisoned.
The quokka is moderately wounded.
The quokka bites you.
You miss the quokka.
The quokka is moderately wounded.
The quokka bites you but does no damage.
The quokka bites you but does no damage.
The quokka attacks as you move away! The quokka bites you.
The quokka attacks as you move away! The quokka closely misses you.
You kill the quokka!
The gnoll throws a throwing net.
The throwing net hits you.
You become entangled in the net!
You see here a throwing net.
You struggle against the net.
You struggle against the net.
You shred the net and break free! The gnoll hits you but does no damage.
You hit the gnoll but do no damage.
The gnoll is poisoned.
You hit the gnoll.
The gnoll looks even sicker.
The gnoll is moderately wounded.
The gnoll closely misses you. The gnoll hits you with a +0 flail!
The orc barely misses you.
You hit the gnoll.
The gnoll looks as sick as possible!
The gnoll is heavily wounded.
The gnoll hits you from afar with a +0 halberd!
The orc hits you with a +0 mace. The gnoll barely misses you.
The gnoll hits you with a +0 flail. The gnoll attacks as you move away!
The gnoll hits you with a +0 flail!
You kill the gnoll!
Your Throwing skill increases to level 7!
You hit the orc but do no damage. The orc hits you with a +0 mace.
You hit the orc but do no damage.
The orc is poisoned.
The gnoll hits you from afar with a +0 halberd!
* * * LOW HITPOINT WARNING * * *
The orc hits you with a +0 mace.
* * * LOW HITPOINT WARNING * * *
The orc attacks as you move away! The orc hits you with a +0 mace.
You die...

.... ########...# ###
#)<.......#
....#####@#####..#
###......o......#######
.........g##..........#
####.##.#.............#
#.#..###)..........#
####......##..........#
........#.............#
####>...#####...#.####
####............#


You could see a gnoll and an orc (very poisoned).

Vanquished Creatures
  An ice beast (D:3)
  2 centaur skeletons (D:3)
  3 orc priests
  2 orc wizards (D:2)
  The ghost of baal32 the Magician, a weakling AtHW (D:3)
  An adder (D:2)
  A gnoll (D:4)
  4 worms
  4 dart slugs
  9 orcs
  8 ball pythons
  9 endoplasms
  2 giant cockroaches (D:1)
  6 goblins
  2 hobgoblins (D:3)
  7 quokkas
  4 bats
  3 kobolds
  7 rats
76 creatures vanquished.

Notes
Turn   | Place    | Note
-------+----------+-------------------------------------------
     0 | D:1      | Smoke131 the Ogre Gladiator began the quest for the Orb.
     0 | D:1      | Reached XP level 1. HP: 22/22 MP: 1/1
   303 | D:1      | Reached XP level 2. HP: 29/31 MP: 2/2
   583 | D:1      | Reached XP level 3. HP: 37/37 MP: 3/3
   697 | D:2      | Reached skill level 3 in Throwing
   842 | D:2      | Reached skill level 4 in Throwing
   842 | D:2      | Reached XP level 4. HP: 24/45 MP: 4/4
  1436 | D:2      | Reached XP level 5. HP: 43/53 MP: 5/5
  1888 | D:3      | Found a transporter.
  1891 | D:3      | Noticed baal32's ghost (weakling AtHW)
  2057 | D:2      | Reached skill level 5 in Throwing
  2333 | D:3      | Reached XP level 6. HP: 41/61 MP: 6/6
  2345 | D:3      | Found a transporter.
  2458 | D:3      | Noticed an ice beast
  2460 | D:3      | Killed an ice beast
  2461 | D:3      | Reached skill level 6 in Throwing
  2555 | D:3      | Killed baal32's ghost
  2795 | D:4      | Reached skill level 7 in Throwing
  2799 | D:4      | Slain by an orc

Illustrated notes

Levels and vault maps discovered:
D:1:      dpeg_arrival_leaves_temple_mockup, layout_basic,
          chequers_serial_rivers_micro_e, minmay_misc_feat_hallway
D:2:      layout_loops_cross, kennysheep_nub
D:3:      layout_basic, gammafunk_ghost_mausoleum
D:4:      layout_rooms, uniq_menkaure, uniq_robin

Skill      XL: |  1  2  3  4  5  6 |
---------------+-------------------+-----
Fighting       | 3 |  3.0
Dodging        | 3 |  3.0
Throwing       | 4 5 7 |  7.0
Axes           | |  3.0

Action                     |  1- 3 |  4- 6 || total
---------------------------+-------+-------++-------
  Melee: Dagger            |    87 |   163 ||   250
         War axe           |     5 |       ||     5
  Throw: Javelin           |     2 |     3 ||     5
         Large rock        |       |     9 ||     9
         Stone             |       |     1 ||     1
    Use: Potion            |     1 |       ||     1
         Scroll            |       |     7 ||     7
   Stab: Sleeping          |       |     2 ||     2
 Armour: Robe              |    45 |    52 ||    97
  Dodge: Dodged            |    54 |    79 ||   133

Table legend: (Time is in decaauts)
 A = Elapsed time spent in this place.
 B = Non-inter-level travel time spent in this place.
 C = Inter-level travel time spent in this place.
 D = Time resting spent in this place.
 E = Time spent auto-exploring this place.
 F = Levels seen in this place.
 G = Mean time per level.
                   A        B        C        D        E       F      G
               +--------+--------+--------+--------+--------+-----+--------+
         Total |   2808 |   2768 |     40 |    423 |   1475 |   4 |  702.0 |
       Dungeon |   2808 |   2768 |     40 |    423 |   1475 |   4 |  702.0 |
               +--------+--------+--------+--------+--------+-----+--------+

Top non-repeatable levels by time:
     D:2: 1278 daAuts
     D:3: 762 daAuts
     D:1: 687 daAuts
     D:4: 80 daAuts
